 Dungeon Crawl Stone Soup version 0.28.0-53-g5a82cb258f (webtiles) character file.

Game seed: 16176200524329094819

268 KittyFluff the Cudgeller (level 6, 0/38 HPs)
             Began as a Gargoyle Berserker on June 14, 2022.
             Was a Believer of Trog.
             Slain by Sigmund
             ... wielding a +0 scythe
              (2 damage)
             ... on level 4 of the Dungeon.
             The game lasted 00:12:48 (3008 turns).

KittyFluff the Cudgeller (Gargoyle Berserker)       Turns: 3008, Time: 00:12:48

Health: 0/38       AC:  6    Str: 21    XL:     6   Next: 21%
Magic:  6/6        EV: 12    Int:  7    God:    Trog [**....]
Gold:   216        SH:  0    Dex: 11    Spells: 5/5 levels left

rFire   . . .      SeeInvis .   a - +0 mace
rCold   . . .      Faith    .   (no shield)
rNeg    + . .      Spirit   .   b - +0 animal skin
rPois   ∞          Reflect  .   (no helmet)
rElec   +          Harm     .   (no cloak)
rCorr   .          Rampage  .   (no gloves)
Will    .....                   (no boots)
Stlth   ++........              (no amulet)
HPRegen 0.12/turn               (no ring)
MPRegen 0.10/turn               (no ring)

@: on berserk cooldown, slowed, very slow
A: sickness immunity, AC +4, negative energy resistance 1, electricity
resistance, torment resistance 1, petrification resistance
a: Renounce Religion, Berserk, Trog's Hand


You were on level 4 of the Dungeon.
You worshipped Trog.
Trog was pleased with you.
You visited 1 branch of the dungeon, and saw 4 of its levels.
You also visited: Sewer.

You collected 216 gold pieces.

Inventory:

Hand Weapons
 a - a +0 mace (weapon)
 f - a +2 dagger of venom
 l - a +2 dagger of holy wrath
Missiles
 g - 3 poisoned darts (quivered)
 k - 52 bolts
Armour
 b - a +0 animal skin (worn)
 h - an orb of mayhem
 i - a +0 leather armour
 m - a scarf of repulsion
Wands
 o - a wand of iceblast (8)
Scrolls
 d - a scroll of magic mapping {unknown}
 e - 3 scrolls of identify {unknown}
 p - a scroll of immolation {unknown}
Potions
 c - a potion of brilliance {unknown}
 j - a potion of degeneration {unknown}
 n - a potion of haste


   Skills:
 + Level 4.0 Fighting
 + Level 4.9 Maces & Flails
 * Level 3.6 Armour
 + Level 2.6 Dodging
 + Level 1.3 Stealth


You had 5 spell levels left.
You didn't know any spells.
Your spell library was empty.

Dungeon Overview and Level Annotations

Branches:
Dungeon (4/15)              Sewer (visited)
 Temple: D:4-7

Altars:
Dithmenos
Hepliaklqana
Uskayaw

Shops:
D:3 =([

Annotations:
D:4 Sigmund


Innate Abilities, Weirdness & Mutations

You are immune to sickness and miasma.
Your stone body is resilient. (AC +4)
You are immune to poison.
You resist negative energy. (rN+)
You are resistant to electric shocks. (rElec)
You are resistant to unholy torment.
You are immune to petrification.


Message History

A magic dart appears from out of thin air!
The magic dart hits you!
You miss something. Something hits you but does no damage.
You sock something! You sock something!
You hear some strange, mumbled words.
A puff of flame appears from out of thin air!
The puff of flame hits you.
You completely miss something. Something hits you.
You closely miss something. You closely miss something.
You hear some strange, mumbled words.
You are confused.
You completely miss something.
You bump into the rock wall.
Something hits you but does no damage.
You barely miss something. You miss something. Something hits you!
* * * LOW HITPOINT WARNING * * *
You miss something.
You hear some strange, mumbled words.
A magic dart appears from out of thin air!
The magic dart hits you but does no damage.
You bump into the rock wall.
You miss something. Something hits you.
* * * LOW HITPOINT WARNING * * *
You bump into the rock wall.
You are no longer berserk.
You are exhausted.
You feel yourself slow down.
You barely miss something.
You feel less confused. Something hits you.
* * * LOW HITPOINT WARNING * * *
You hit something but do no damage. Something hits you.
* * * LOW HITPOINT WARNING * * *
You miss something. Something hits you.
* * * LOW HITPOINT WARNING * * *
Something hits you but does no damage.
You closely miss something. Something hits you.
You die...

#.###.#### #.# ........#
#.# #...##.########.#
######.<.##.##.......#
.........##.##.#######
#........#######
#.##............
#########.##...#########
......{@).######
###########


There were no monsters in sight!

Vanquished Creatures
  A water moccasin (Sewer)
  Jessica (D:3)
  An iguana (D:4)
  An orc wizard (D:3)
  4 adders
  12 orcs (D:3)
  3 ball pythons
  2 endoplasms (D:3)
  3 goblins
  4 hobgoblins
  5 bats
  4 frilled lizards
  2 kobolds
  6 rats
49 creatures vanquished.

Notes
Turn   | Place    | Note
-------+----------+-------------------------------------------
     0 | D:1      | KittyFluff the Gargoyle Berserker began the quest for the
                  | Orb.
     0 | D:1      | Reached XP level 1. HP: 14/14 MP: 1/1
   362 | D:1      | Reached XP level 2. HP: 13/19 MP: 2/2
  1050 | D:2      | Reached XP level 3. HP: 22/23 MP: 3/3
  1323 | D:3      | Reached ** piety under Trog
  1789 | D:3      | Reached XP level 4. HP: 26/29 MP: 4/4
  1817 | D:3      | Found Gopn's Armour Shoppe.
  1828 | D:3      | Found Ullaih's Antique Weapon Shop.
  1876 | D:3      | Noticed Jessica
  1879 | D:3      | Killed Jessica
  1880 | D:3      | Reached XP level 5. HP: 13/33 MP: 5/5
  1968 | D:3      | Found Poxo's Jewellery Emporium.
  1980 | D:3      | Found a glowing drain.
  1989 | Sewer    | Entered a sewer
  2131 | Sewer    | Noticed a water moccasin
  2139 | Sewer    | Killed a water moccasin
  2140 | Sewer    | Reached skill level 1 in Stealth
  2140 | Sewer    | Reached XP level 6. HP: 20/38 MP: 6/6
  2424 | D:3      | Found a shadowy altar of Dithmenos.
  2463 | D:3      | Found a hazy altar of Hepliaklqana.
  2548 | D:3      | Found a hide-covered altar of Uskayaw.
  2765 | D:3      | Found a faded altar of an unknown god.
  2982 | D:4      | Noticed Sigmund
  3008 | D:4      | Slain by Sigmund

Illustrated notes

Levels and vault maps discovered:
D:1:      dpeg_arrival_simpleton_b, layout_rooms, chequers_mini_garden,
          nicolae_concentric_dashed_squares_mild
D:2:      layout_loops_cross
D:3:      layout_loops_ring, nicolae_hepliaklqana_hippocampus,
          mainiacjoe_overflow_catch_the_wave, serial_shops,
          nicolae_shop_competitors_out_of_business, shop, shop,
          shapermc_ecumenical_altar_notcrosses, portal_sewer_entry_d,
          nrook_mini_vaults, minmay_misc_feat_ornament, grunt_ministairs_10,
          minmay_fountain_box, nicolae_concentric_dashed_squares_wild,
          minmay_puff, uniq_jessica
D:4:      layout_loops_ring, nemelex_diamond_rough_becter, temple_fountains,
          uniq_sigmund

Skill      XL: |  1  2  3  4  5 |
---------------+----------------+-----
Dodging        | 2 |  2.6
Maces & Flails | 4 |  4.9
Armour         | 3 |  3.6
Fighting       | 4 |  4.0
Stealth        | 1 |  1.3

Action                   |  1- 3 |  4- 6 || total
-------------------------+-------+-------++-------
Melee: Mace              |    92 |    74 ||   166
Invok: Berserk           |       |     3 ||     3
 Stab: Sleeping          |     1 |       ||     1
Armor: Animal skin       |    39 |    33 ||    72
Dodge: Dodged            |    64 |    37 ||   101
